 Dungeon Crawl Stone Soup version 0.29.1-2-gbd0b4ee654 (webtiles) character file.

Game seed: 1152002926195523885

67 zeram the Covered (level 4, -3/40 HPs)
             Began as a Hill Orc Fighter on Nov 23, 2022.
             Constricted to death by Sigmund (5 damage)
             ... on level 3 of the Dungeon.
             The game lasted 00:02:51 (2225 turns).

zeram the Covered (Hill Orc Fighter)                Turns: 2225, Time: 00:02:52

Health: -3/40      AC: 11    Str: 20    XL:     4   Next: 16%
Magic:  4/4        EV:  2    Int:  8    God:
Gold:   209        SH:  4    Dex: 10    Spells: 3/3 levels left

rFire   . . .      SeeInvis .   a - +0 war axe
rCold   . . .      Faith    .   c - +0 buckler
rNeg    . . .      Spirit   .   m - +0 plate armour
rPois   .          Reflect  .   (no helmet)
rElec   .          Harm     .   (no cloak)
rCorr   .          Rampage  .   (no gloves)
Will    .....                   (no boots)
Stlth   ..........              (no amulet)
HPRegen 0.13/turn               (no ring)
MPRegen 0.09/turn               (no ring)

@: grasped by roots, constricted
A: no striking features
a: no special abilities


You were on level 3 of the Dungeon.
You visited 1 branch of the dungeon, and saw 3 of its levels.

You collected 209 gold pieces.

Inventory:

Hand Weapons
 a - a +0 war axe (weapon)
Armour
 b - a +0 scale mail
 c - a +0 buckler (worn)
 m - a +0 plate armour (worn)
Scrolls
 h - a scroll of immolation {unknown}
 i - 3 scrolls of teleportation {unknown}
 j - 4 scrolls of identify {unknown}
 p - a scroll of amnesia {unknown}
Potions
 d - a potion of might
 e - a potion of curing {unknown}
 f - a potion of haste {unknown}
 g - a potion of attraction {unknown}
 k - a potion of mutation {unknown}
 l - a potion of heal wounds {unknown}
 n - a potion of brilliance {unknown}
 o - 2 potions of lignification {unknown}


   Skills:
 + Level 3.9 Fighting
 + Level 3.9 Axes
 + Level 4.0 Armour
 + Level 0.6 Dodging
 + Level 3.7 Shields


You had 3 spell levels left.
You didn't know any spells.
Your spell library was empty.

Dungeon Overview and Level Annotations

Branches:
Dungeon (3/15)

Altars:
Ru

Annotations:
D:3 Sigmund


Message History

The kobold is heavily wounded.
The kobold hits you but does no damage.
You are constricted. x2
The kobold hits you but does no damage.
You barely miss the kobold.
The kobold is heavily wounded.
You block the kobold's attack. Something hits you but does no damage.
You are constricted.
The grasping roots release their grip on you.
Unknown command.
You hit the kobold.
You kill the kobold!
You hit the hobgoblin.
The hobgoblin hits you but does no damage.
Something hits you. The hobgoblin hits you.
Things that are here:
a +0 dagger; a kobold corpse Unknown command.
You miss something. You barely miss the hobgoblin.
You hear a zap.
The roots erupt in riotous growth!
The grasping roots grab you!
The hobgoblin is unaffected.
You are constricted.
The hobgoblin hits you but does no damage. x2
Something hits you but does no damage.
You are constricted.
* * * LOW HITPOINT WARNING * * *
You closely miss something. You barely miss the hobgoblin.
The hobgoblin hits you but does no damage.
Something hits you.
* * * LOW HITPOINT WARNING * * *
You are constricted.
* * * LOW HITPOINT WARNING * * *
Unknown command.
You slash something! You barely miss the hobgoblin.
You block the hobgoblin's attack.
The hobgoblin hits you but does no damage.
Something hits you.
* * * LOW HITPOINT WARNING * * *
You are constricted.
You die...

#...# #...# #...#
#######+##...#
#.........##.......#
#..........+.......+
#.........##.......#
#......g.$##.......#
#......@.###.......#
#.....{.............
#...................
#......!.......
#........###...
#........# ###
#........#
#........#


You could see a hobgoblin.

Vanquished Creatures
  An adder (D:2)
  A worm (D:3)
  A dart slug (D:3)
  An orc (D:3)
  4 bats
  5 endoplasms
  A giant cockroach (D:3)
  2 goblins (D:1)
  2 hobgoblins
  7 jackals
  2 quokkas
  7 ball pythons
  5 frilled lizards
  7 kobolds
  5 rats
51 creatures vanquished.

Notes
Turn   | Place    | Note
-------+----------+-------------------------------------------
     0 | D:1      | zeram the Hill Orc Fighter began the quest for the Orb.
     0 | D:1      | Reached XP level 1. HP: 19/19 MP: 1/1
   201 | D:1      | Reached XP level 2. HP: 27/27 MP: 2/2
   620 | D:1      | Reached XP level 3. HP: 27/33 MP: 3/3
  1225 | D:2      | Found a faded altar of an unknown god.
  1468 | D:2      | Found a sacrificial altar of Ru.
  2027 | D:3      | Reached XP level 4. HP: 40/40 MP: 4/4
  2108 | D:3      | Reached skill level 4 in Armour
  2212 | D:3      | Noticed Sigmund
  2225 | D:3      | HP: 2/40 [something (3)]
  2225 | D:3      | Constricted to death by Sigmund

Illustrated notes

Levels and vault maps discovered:
D:1:      nagdon_arrival_zigzag_paths, layout_basic, minmay_nonomino_d4
D:2:      layout_loops_ring, chequers_ecumenical_altar_simple_redux, basic_altar
D:3:      layout_basic, mainiacjoe_overflow_24_doors, uniq_terence, uniq_sigmund

Skill      XL: |  1  2  3  4 |
---------------+-------------+-----
Axes           | 3 |  3.9
Armour         | 4 |  4.0
Fighting       | |  3.9
Dodging        | |  0.6
Shields        | |  3.7

Action                   |  1- 3 |  4- 6 || total
-------------------------+-------+-------++-------
Melee: War axe           |   118 |    19 ||   137
  Use: Scroll            |     1 |       ||     1
Armor: Scale mail        |    62 |       ||    62
       Plate armour      |     5 |    15 ||    20
Dodge: Dodged            |    55 |     1 ||    56
Block: Buckler           |    28 |     4 ||    32
